 Dungeon Crawl Stone Soup version 0.14-a0-1036-g6cac21b (webtiles) character file.

14864 PolkaDot the Conjurer (level 11, 0/68 HPs)
             Began as a Vampire Conjurer on Nov 24, 2013.
             Was an Elder of Vehumet.
             Slain by a wolf (10 damage)
             ... on Level 2 of the Lair of Beasts.
             The game lasted 01:47:56 (21207 turns).

PolkaDot the Conjurer (Vampire Conjurer)           Turns: 21207, Time: 01:47:56

HP   0/68        AC  5     Str  7      XL: 11   Next: 88%
MP  21/23        EV 12     Int 20      God: Vehumet [****..]
Gold 479         SH  0     Dex 14      Spells:  6 memorised,  0 levels left

Res.Fire  : . . .   See Invis. : +   s - staff of summoning
Res.Cold  : + . .   Warding    : +   k - +0 elf robe
Life Prot.: + + .   Conserve   : .   (no shield)
Res.Poison: +       Res.Corr.  : .   o - +1 wizard hat
Res.Elec. : .       Clarity    : .   d - +1 cloak {MR+}
Sust.Abil.: . .     Spirit.Shd : .   (no gloves)
Res.Mut.  : .       Stasis     : .   (no boots)
Res.Rott. : +       Flight     : .   (no amulet)
Saprovore : . . .                    j - ring of wizardry
                                     a - ring of sustenance

@: regenerating slowly, quite resistant to hostile enchantments, stealthy
A: bottle blood, fangs 3, see invisible, unbreathing
a: Bat Form, Bottle Blood, Renounce Religion


You were on level 2 of the Lair of Beasts.
You worshipped Vehumet.
Vehumet was greatly pleased with you.
You were thirsty.

You visited 3 branches of the dungeon, and saw 13 of its levels.
You also visited: Sewer.

You collected 479 gold pieces.

Inventory:

Armour
 d - a +1 cloak of magic resistance (worn)
 k - a +0 elven robe (worn)
 o - a +1 wizard hat (worn)
Magical devices
 c - a wand of flame (17)
 f - a wand of enslavement (8)
 v - a wand of frost (8)
 w - a wand of flame (16)
 y - a wand of frost (14)
 z - a wand of slowing (14)
Scrolls
 b - a scroll of acquirement {unknown}
 e - 2 scrolls of fear
 g - 10 scrolls of remove curse
 i - a scroll of magic mapping {unknown}
 l - 2 scrolls of identify
 r - 2 scrolls of enchant weapon I
 t - 3 scrolls of enchant armour
Jewellery
 a - a ring of sustenance (left hand)
 j - a ring of wizardry (right hand)
 m - an uncursed ring of positive energy
 x - the ring of Enaysosa {+/*Tele rElec Int+3 SInv}
   (You found it on level 1 of the Lair of Beasts)

   [ring of teleportation]

   It affects your intelligence (+3).
   It insulates you from electricity.
   It enhances your eyesight.
Potions
 n - a potion of flight
 p - 2 potions of brilliance
Books
 h - a book of the Tempests

   Spells                             Type                      Level
   *Static Discharge                  Conjuration/Air              3
   *Lightning Bolt                    Conjuration/Air              5
   Fireball                           Conjuration/Fire             5
   Tornado                            Air                          9
   Shatter                            Earth                        9
 u - a book of Conjurations

   Spells                             Type                      Level
   Magic Dart                         Conjuration                  1
   *Searing Ray                       Conjuration                  2
   Dazzling Spray                     Conjuration/Hexes            3
   *Iskenderun's Mystic Blast         Conjuration                  4
   Iskenderun's Battlesphere          Conjuration/Charms           4
   Fulminant Prism                    Conjuration/Hexes            5
Magical staves
 s - an uncursed staff of summoning (weapon)


   Skills:
 - Level 2.1 Dodging
 - Level 3.0 Stealth
 - Level 5.0 Spellcasting
 + Level 11.5 Conjurations
 * Level 11.4 Air Magic


You couldn't memorise any spells.
You knew the following spells:

 Your Spells              Type           Power        Failure   Level  Hunger
a - Throw Flame           Conj/Fire      ####..       1%          2    None
d - Iskenderun's Mystic   Conj           ######..     1%          4    ####...
f - Airstrike             Air            ######....   1%          4    ####...
s - Searing Ray           Conj           ######       1%          2    None
z - Static Discharge      Conj/Air       ######..     1%          3    ##.....
F - Lightning Bolt        Conj/Air       ######....   1%          5    #####..


Dungeon Overview and Level Annotations

Branches:
Dungeon (10/16)            Temple (1/1) D:7            Lair (2/8) D:8
    Orc: D:9-12

Altars:
Ashenzari
Cheibriados
Elyvilon
Fedhas
Kikubaaqudgha
Makhleb
Nemelex Xobeh
Okawaru
Sif Muna
Trog
Vehumet
Xom
Yredelemnul
Zin
the Shining One

Annotations:
D:10 Urug


Innate Abilities, Weirdness & Mutations

You heal slowly.
You can bottle blood from corpses.
You have razor-sharp teeth.*
You have supernaturally acute eyesight.
You can survive without breathing.*


Message History

The wolf is severely wounded.
The lightning arcs!
The wolf is struck by lightning.
The wolf is lightly wounded.
The lightning grounds out.
The wolf is struck by lightning.
The wolf is severely wounded.
The lightning grounds out.
The wolf is struck by lightning.
The wolf is heavily wounded.
The lightning arcs!
You are struck by lightning.
The lightning grounds out.
The wolf bites you! The wolf barely misses you. The bat completely misses you.
The wolf barely misses you. The wolf bites you. The wolf bites you.
* * * LOW HITPOINT WARNING * * *
The jackal bites you.
* * * LOW HITPOINT WARNING * * *
Drink which item? (? for menu, Esc to quit)
You feel much better. The wolf bites you!
* * * LOW HITPOINT WARNING * * *
The bat misses you. The wolf bites you!
* * * LOW HITPOINT WARNING * * *
The wolf bites you!
You die...

... #.. #.. #..#
#...## # #...#
##f..#.hh##.#####
.......h@h.......
....##...b..###.#
#f...#r##
..........
......... ...
.............
#......# f.
.f.P### # .


You could see 3 wolves, a quokka, a jackal and a bat.

Vanquished Creatures
  A hydra (Lair:1)
  An unseen horror (D:10)
  9 oklob plants (Lair:1)
  Maurice (D:8)
  A spiny frog (Lair:1)
  A queen bee (Lair:1)
  A troll (D:8)
  A hydra zombie (D:10)
  A spriggan (D:7)
  A wyvern (D:10)
  A shark (D:10)
  2 hippogriffs
  Menkaure (D:5)
  A porcupine (Lair:1)
  3 orc warriors
  A sky beast (D:7)
  2 phantoms
  Purgy (Sewer)
  2 ice beasts
  A giant goldfish (D:8)
  6 ogres
  4 centaurs
  2 crocodiles (Lair:1)
  A water moccasin (D:6)
  A giant slug (Lair:1)
  8 giant frogs
  A yaktaur skeleton (D:9)
  A troll zombie (D:10)
  9 wights
  32 killer bees
  2 jellyfish
  A centaur zombie (D:8)
  3 electric eels (D:10)
  8 crimson imps
  A goliath beetle (D:7)
  A gnoll shaman (D:5)
  5 orc priests
  3 big fish
  9 hounds
  A quasit (D:6)
  Crazy Yiuf (D:5)
  5 iguanas
  10 orc wizards
  4 scorpions
  8 sheep (Lair:1)
  9 worker ants
  Ijyb (D:5)
  3 ogre skeletons
  A crocodile skeleton (D:6)
  A hound skeleton (D:6)
  A worker ant zombie (D:7)
  15 adders
  32 green rats
  11 gnolls
  4 giant mites
  A goliath beetle zombie (D:5)
  4 worms
  A scorpion zombie (D:8)
  4 giant eyeballs
  9 giant geckos
  3 oozes
  34 orcs
  21 bats
  A bat skeleton (D:4)
  14 giant cockroaches
  7 goblins
  13 hobgoblins
  13 kobolds
  4 quokkas
  4 ball pythons
  13 giant newts
  A giant newt skeleton (D:4)
  A giant spore (D:8)
  26 jackals
  A jackal skeleton (D:8)
  An orc skeleton (D:5)
  An orc zombie (D:10)
  10 rats
  A rat skeleton (D:6)
  2 fungi
  8 plants (Lair:1)
436 creatures vanquished.

Vanquished Creatures (collateral kills)
  Sonja (D:10)
  A giant goldfish (D:10)
  An orc priest (D:10)
3 creatures vanquished.

Vanquished Creatures (others)
  A hound (D:8)
  2 plants (Lair:1)
3 creatures vanquished.

Grand Total: 442 creatures vanquished

Notes
Turn   | Place    | Note
--------------------------------------------------------------
     0 | D:1      | PolkaDot, the Vampire Conjurer, began the quest for the Orb.
     0 | D:1      | Reached XP level 1. HP: 13/13 MP: 4/4
   525 | D:1      | Reached XP level 2. HP: 7/19 MP: 0/5
  1029 | D:1      | Reached XP level 3. HP: 22/24 MP: 2/6
  1070 | D:1      | Learned a level 2 spell: Searing Ray
  1915 | D:2      | Reached skill level 4 in Conjurations
  2577 | D:2      | Reached XP level 4. HP: 30/30 MP: 4/8
  3674 | D:3      | Reached XP level 5. HP: 21/35 MP: 2/9
  3848 | D:3      | Found a blossoming altar of Fedhas.
  4088 | D:3      | Reached skill level 5 in Conjurations
  4339 | D:3      | Found a blossoming altar of Fedhas.
  5260 | D:4      | Reached XP level 6. HP: 37/37 MP: 5/10
  5448 | D:4      | Noticed an ogre
  5468 | D:4      | Killed an ogre
  5468 | D:4      | Reached skill level 6 in Conjurations
  5721 | D:4      | Got a silk robe
  5722 | D:4      | Identified the +2 robe of Watchfulness {rPois Int-2 SInv} (You found it on level 4 of the Dungeon)
  5913 | D:5      | Entered Level 5 of the Dungeon
  5919 | D:5      | Learned a level 4 spell: Iskenderun's Mystic Blast
  5924 | D:5      | Reached XP level 7. HP: 42/42 MP: 6/11
  6386 | D:5      | Noticed Ijyb
  6410 | D:5      | Killed Ijyb
  6449 | D:5      | Noticed Menkaure
  6510 | D:5      | Killed Menkaure
  6510 | D:5      | Reached skill level 7 in Conjurations
  7060 | D:5      | Found a glowing drain.
  7064 | Sewer    | Entered a sewer
  7232 | Sewer    | Noticed Purgy
  7338 | Sewer    | Killed Purgy
  7338 | Sewer    | Reached XP level 8. HP: 41/52 MP: 4/13
  7998 | D:5      | Reached skill level 8 in Conjurations
  8074 | D:5      | Noticed Crazy Yiuf
  8085 | D:5      | Killed Crazy Yiuf
  8877 | D:6      | Paralysed by a giant eyeball for 4 turns
  8883 | D:6      | Paralysed by a giant eyeball for 3 turns
  9231 | D:6      | Paralysed by a giant eyeball for 2 turns
  9418 | D:6      | Reached skill level 9 in Conjurations
  9427 | D:6      | Learned a level 3 spell: Static Discharge
  9441 | D:6      | Paralysed by a giant eyeball for 2 turns
  9444 | D:6      | Paralysed by a giant eyeball for 3 turns
  9955 | D:6      | Reached XP level 9. HP: 51/57 MP: 13/18
 10466 | D:7      | Found a staircase to the Ecumenical Temple.
 10486 | Temple   | Entered the Ecumenical Temple
 10604 | Temple   | Became a worshipper of Vehumet
 11086 | D:7      | Reached skill level 1 in Air Magic
 11303 | D:7      | Reached skill level 10 in Conjurations
 12082 | D:8      | Noticed Maurice
 12096 | D:8      | Killed Maurice
 12191 | D:8      | Found a staircase to the Lair.
 12201 | D:8      | Reached XP level 10. HP: 59/63 MP: 11/21
 12211 | D:8      | Reached skill level 5 in Air Magic
 12376 | D:8      | Acquired Vehumet's first power
 12376 | D:8      | Offered knowledge of Flame Tongue by Vehumet.
 13098 | D:8      | Found a shattered altar of Ashenzari.
 13104 | D:8      | Found a glowing golden altar of the Shining One.
 13600 | D:9      | Learned a level 5 spell: Lightning Bolt
 13653 | D:9      | Found a glowing silver altar of Zin.
 13711 | D:9      | Offered knowledge of Sting by Vehumet.
 14473 | D:10     | Entered Level 10 of the Dungeon
 14488 | D:10     | Noticed Sonja
 14916 | D:10     | Offered knowledge of Throw Flame by Vehumet.
 14921 | D:10     | Learned a level 2 spell: Throw Flame
 14938 | D:10     | Noticed an unseen horror
 15346 | D:10     | Killed Sonja
 16192 | D:10     | Acquired Vehumet's second power
 16351 | D:10     | Killed an unseen horror
 16598 | D:10     | Reached XP level 11. HP: 68/68 MP: 11/22
 16782 | D:10     | Noticed Urug
 16935 | Lair:1   | Entered Level 1 of the Lair of Beasts
 16999 | Lair:1   | Noticed a five-headed hydra
 17012 | Lair:1   | Offered knowledge of Airstrike by Vehumet.
 17015 | Lair:1   | Killed a five-headed hydra
 17036 | Lair:1   | Reached skill level 11 in Conjurations
 18167 | Lair:1   | Reached skill level 5 in Spellcasting
 18183 | Lair:1   | Learned a level 4 spell: Airstrike
 18235 | Lair:1   | Acquired Vehumet's third power
 18429 | Lair:1   | Offered knowledge of Olgreb's Toxic Radiance by Vehumet.
 19165 | Lair:1   | Reached skill level 10 in Air Magic
 21145 | Lair:1   | Got a scintillating lapis lazuli ring
 21146 | Lair:1   | Identified the ring of Enaysosa {+/*Tele rElec Int+3 SInv} (You found it on level 1 of the Lair of Beasts)
 21207 | Lair:2   | Slain by a wolf

Action                   |  1- 3 |  4- 6 |  7- 9 | 10-12 || total
-------------------------+-------+-------+-------+-------++-------
Melee: Unarmed           |    26 |       |       |       ||    26
       Staff             |       |    22 |   145 |   180 ||   347
 Cast: Magic Dart        |    98 |    85 |    32 |    12 ||   227
       Searing Ray       |     1 |    18 |    82 |    70 ||   171
       Iskenderun's Myst |       |       |    41 |    56 ||    97
       Throw Flame       |       |       |       |    79 ||    79
       Lightning Bolt    |       |       |       |    54 ||    54
       Static Discharge  |       |       |       |    19 ||    19
       Airstrike         |       |       |       |     5 ||     5
 Abil: Bottle Blood      |       |       |     3 |       ||     3
       End Transformatio |       |       |     1 |       ||     1
       Bat Form          |       |       |     1 |       ||     1
Evoke: Wand              |       |       |       |     3 ||     3
  Use: Scroll            |       |    13 |     4 |     9 ||    26
       Potion            |       |     3 |     9 |     9 ||    21
 Stab: Sleeping          |       |     2 |     2 |       ||     4
       Invisible         |       |       |     3 |       ||     3
